 Dungeon Crawl Stone Soup version 0.28.0 (webtiles) character file.

Game seed: 533752357815521170

813 Mitsuki the Firebug (level 7, -6/54 HPs)
             Began as a Deep Elf Fire Elementalist on Feb 7, 2022.
             Was an Initiate of Vehumet.
             Mangled by an ogre (17 damage)
             ... on level 5 of the Dungeon.
             The game lasted 00:12:23 (6335 turns).

Mitsuki the Firebug (Deep Elf Fire Elementalist)    Turns: 6335, Time: 00:12:23

Health: -6/54      AC: 23    Str:  5    XL:     7   Next: 61%
Magic:  22/27      EV:  2    Int: 22    God:    Vehumet [......]
Gold:   207        SH:  0    Dex: 15    Spells: 17/18 levels left

rFire   . . .      SeeInvis .   i - +3 dagger (freeze)
rCold   . . .      Faith    .   (no shield)
rNeg    . . .      Spirit   .   (armour currently unavailable)
rPois   +          Reflect  .   (helmet currently unavailable)
rElec   .          Harm     .   (cloak currently unavailable)
rCorr   .          Rampage  .   (gloves currently unavailable)
Will    .....      NoTele   +   (boots currently unavailable)
Stlth   ++........              (no amulet)
HPRegen 0.18/turn               r - ring of magical power
MPRegen 0.20/turn               (no ring)

@: lethally poisoned (-6 -> -9), tree-form
A: stationary, stasis, torment immunity, boosted hp
a: Renounce Religion


You were on level 5 of the Dungeon.
You worshipped Vehumet.
Vehumet was noncommittal.
You were a tree.
You visited 2 branches of the dungeon, and saw 6 of its levels.

You collected 207 gold pieces.

Inventory:

Hand Weapons
 i - a +3 dagger of freezing (weapon)
 t - the +5 trident of the Onslaught {vorpal, rPois rN+++ Int-2}
   (You found it on level 5 of the Dungeon)

   It inflicts extra damage upon your enemies.
   Int:       It affects your intelligence (-2).
   rPois:     It protects you from poison.
   rN:        It renders you almost immune to negative energy.
Missiles
 m - a throwing net
Armour
 a - a +0 robe (melded)
Jewellery
 r - a ring of magical power (left branch)
Wands
 h - a wand of charming (8)
Scrolls
 b - a scroll of magic mapping {unknown}
 c - a scroll of silence {unknown}
 e - a scroll of enchant weapon
 f - a scroll of torment {unknown}
 k - 2 scrolls of identify {unknown}
 l - 4 scrolls of immolation {unknown}
 o - a scroll of amnesia {unknown}
 p - a scroll of blinking {unknown}
 q - 2 scrolls of noise {unknown}
 s - a scroll of vulnerability {unknown}
Potions
 g - a potion of lignification
 j - a potion of berserk rage {unknown}
 n - a potion of haste {unknown}
 u - a potion of curing {unknown}


   Skills:
 - Level 2.4 Dodging
 - Level 2.4 Stealth
 + Level 6.3 Spellcasting
 + Level 4.6 Conjurations
 * Level 7.4 Fire Magic


You had 17 spell levels left.
You knew the following spells:

 Your Spells              Type           Power      Damage    Failure   Level
a - Foxfire               Conj/Fire      100%       2x1d9     1%          1

Your spell library contained the following spells:

 Spells                   Type           Power      Damage    Failure   Level
 Scorch                   Fire           78%        2d8       1%          2
 Conjure Flame            Conj/Fire      33%        6-21      2%          3
 Inner Flame              Hex/Fire       23%        N/A       6%          3
 Flame Wave               Conj/Fire      33%        2d8       8%          4
 Confusing Touch          Hex            6%         N/A       26%         3
 Yara's Violent Unravell  Hex/Tmut       3%         3d4       94%         5
 Enfeeble                 Hex            3%         N/A       100%        7


Dungeon Overview and Level Annotations

Branches:
Dungeon (5/15)             Temple (1/1) D:4

Altars:
Cheibriados
Dithmenos
Fedhas
Gozag
Kikubaaqudgha
Makhleb
Nemelex Xobeh
Okawaru
Sif Muna
Uskayaw
Vehumet
Wu Jian
Xom
Yredelemnul
Zin
The Shining One


Message History

You feel sick.
You take 1 damage, and have 15/36 hp.
You feel sick. The scorpion stings you.
* * * LOW HITPOINT WARNING * * *
You are lethally poisoned!
The scorpion poisons you!
You take 6 damage, and have 9/36 hp.
It was a potion of heal wounds.
You feel much better.
You feel very sick.
The scorpion stings you but does no damage.
You regained 17 hp, and now have 26/36 hp.
As you read the scroll labelled JULIUNIZEU, it crumbles to dust.
It is a scroll of enchant weapon.
Your +2 dagger of freezing glows red for a moment.
You feel very sick. The scorpion closely misses you.
You take 2 damage, and have 24/36 hp.
Okay, then.
Casting: Foxfire (safe; 1% risk of failure)
Confirm with . or Enter, or press ? or * to list all spells.
You conjure some foxfire!
You feel sick.
The ogre hits you with a +0 giant spiked club!
* * * LOW HITPOINT WARNING * * *
The scorpion stings you but does no damage.
You take 18 damage, and have 6/36 hp.
MASSIVE DAMAGE!!
You now have 22/27 mp.
Your foxfire dissipates!
* * * LOW HITPOINT WARNING * * *
You feel sick.
The foxfire hits the ogre.
The ogre is almost dead.
You take 2 damage, and have 4/36 hp.
You feel much better.
You feel sick. The scorpion stings you! The ogre barely misses you.
The scorpion stings you.
* * * LOW HITPOINT WARNING * * *
You regained 4 hp, and now have 8/36 hp.
It was a potion of lignification.
You turn into a tree.
Your +0 robe melds into your body.
Your roots penetrate the ground.
You feel sick.
The scorpion stings you but does no damage.
The ogre hits you with a +0 giant spiked club!
You die...

......##.##..## #..####........#
.....###.#....####.## ###.......
.##...##.......##..# ##.......
.###...#...........# ##....####
## ##....#.....###.## ##.....##
#####...####..## ##.###...#...###
.........# ##..# #..#...#.....##
.......#.####..#####.......###..#
#####..#...##...♣s.........# ###.
# #..##.........O....###..# #. #
#..#..####...#....## ##.# #.
####....## ##.###..## #.## #.
.##....## #..##.## ##.# #.
........## ##..^.. #...# ..
###......### ..##.. #..##.... #
##...#...####.## ##. #).# ##.. #
#...##......## ...# .


You could see an ogre and a scorpion.

Vanquished Creatures
  Grinder (D:5)
  An ogre (D:5)
  A phantom (D:4)
  Blork the orc (D:4)
  A scorpion (D:4)
  A water moccasin zombie (D:5)
  A howler monkey (D:3)
  A hound (D:5)
  A jelly (D:5)
  An iguana (D:5)
  A scorpion zombie (D:5)
  A hound skeleton (D:5)
  3 adders
  An adder skeleton (D:2)
  2 worms
  12 orcs
  6 bats
  6 endoplasms
  4 giant cockroaches
  8 goblins
  10 hobgoblins
  6 jackals (D:1)
  7 ball pythons
  4 frilled lizards
  9 kobolds
  6 rats
96 creatures vanquished.

Vanquished Creatures (collateral kills)
  A foxfire (D:1)
1 creature vanquished.

Vanquished Creatures (others)
  413 foxfires
  11 plants (D:1)
424 creatures vanquished.

Grand Total: 521 creatures vanquished

Notes
Turn   | Place    | Note
-------+----------+-------------------------------------------
     0 | D:1      | Mitsuki the Deep Elf Fire Elementalist began the quest for
                  | the Orb.
     0 | D:1      | Reached XP level 1. HP: 10/10 MP: 6/6
   338 | D:1      | Reached XP level 2. HP: 15/15 MP: 4/8
   945 | D:1      | Reached skill level 4 in Fire Magic
  1224 | D:1      | Found a faded altar of an unknown god.
  1230 | D:1      | Reached XP level 3. HP: 17/19 MP: 7/10
  3258 | D:3      | Reached XP level 4. HP: 24/24 MP: 2/12
  3946 | D:4      | Noticed a scorpion
  4022 | D:4      | Reached skill level 5 in Fire Magic
  4121 | D:4      | Killed a scorpion
  4122 | D:4      | Reached XP level 5. HP: 21/28 MP: 7/13
  4407 | D:4      | Noticed Blork the orc
  4417 | D:4      | Killed Blork the orc
  4528 | D:4      | Reached XP level 6. HP: 32/32 MP: 11/15
  4721 | D:4      | Reached skill level 5 in Spellcasting
  4721 | D:4      | Reached skill level 6 in Fire Magic
  4890 | D:4      | Found a staircase to the Ecumenical Temple.
  4899 | Temple   | Entered the Ecumenical Temple
  4920 | Temple   | Became a worshipper of Vehumet
  5276 | D:5      | Entered Level 5 of the Dungeon
  5675 | D:5      | Reached XP level 7. HP: 36/36 MP: 17/17
  5769 | D:5      | Found a snail-covered altar of Cheibriados.
  5769 | D:5      | Found a glowing golden altar of the Shining One.
  5770 | D:5      | Found an iron altar of Okawaru.
  5805 | D:5      | Identified the +5 trident of the Onslaught {vorpal, rPois
                  | rN+++ Int-2}
  5817 | D:5      | Noticed Grinder
  6209 | D:5      | Paralysed by Grinder for 5 turns
  6211 | D:5      | Killed Grinder
  6212 | D:5      | Reached skill level 7 in Fire Magic
  6335 | D:5      | Mangled by an ogre

Illustrated notes

Levels and vault maps discovered:
D:1:      kennysheep_arrival_seaside, layout_loops_ring,
          shapermc_ecumenical_altar_notcrosses, serial_bayou_lake_a
D:2:      layout_basic, serial_co_window_serial, co_window_of_opportunity_a,
          co_window_corner_a, co_window_paths_a, co_window_corner_a,
          co_window_corner_a, co_window_corner_a, co_window_paths_a,
          co_window_of_opportunity_a, co_window_paths_a, co_window_broadway_b,
          co_window_corner_ca, co_window_cross_3, co_window_unsneaky_path_b,
          co_window_paths_e, co_window_4corner_a, glass_columns_b,
          glass_columns_a, glass_columns_c, glass_columns_b, glass_columns_a
D:3:      layout_rooms
D:4:      layout_basic, minmay_temple_entry_stoned_glass, uniq_blork_the_orc
D:5:      layout_layer_cave, gammafunk_temple_overflow_claw, chequers_garden,
          uniq_grinder, uniq_menkaure
Temple:   cyrus_circular_temple

Skill      XL: |  1  2  3  4  5  6  7 |
---------------+----------------------+-----
Fire Magic     | 4 5 6 7 |  7.4
Conjurations   | 2 3 4 |  4.6
Spellcasting   | 4 5 6 |  6.3
Dodging        | |  2.4
Stealth        | |  2.4

Action                   |  1- 3 |  4- 6 |  7- 9 || total
-------------------------+-------+-------+-------++-------
Melee: Dagger            |    35 |    16 |       ||    51
       Unarmed           |     1 |       |       ||     1
       Punch             |     1 |       |       ||     1
 Cast: Foxfire           |   113 |   118 |    31 ||   262
  Use: Potion            |       |       |     3 ||     3
       Scroll            |       |       |     1 ||     1
 Stab: Sleeping          |       |     4 |       ||     4
Armor: Robe              |    15 |     6 |     2 ||    23
       Skin              |       |       |     1 ||     1
Dodge: Dodged            |    33 |    21 |     4 ||    58
